 Dungeon Crawl Stone Soup version 0.31-a0-728-g01b46875f1 (webtiles) character file.

Game seed: 17691068558944559652

8486 cforsyth the Fighter (level 11, -19/81 HPs)
             Began as a Djinni Chaos Knight on Sept 12, 2023.
             Was a Priest of Hepliaklqana.
             Demolished by a minotaur
             ... wielding the +1 war axe "Xeurphavu" {venom, rElec Dex+4}
              (33 damage)
             ... in a Gauntlet.
             The game lasted 00:26:16 (12779 turns).

cforsyth the Fighter (Djinni Chaos Knight)         Turns: 12779, Time: 00:26:17

Health: -19/81     AC: 12    Str: 10 (11) XL:     11   Next: 56%
Gold:   299        EV: 14    Int: 22      God:    Hepliaklqana [***...] SH:  0 Dex: 18

rFire   + + .        K - +3 long sword
rCold   x . .        (no shield)
rNeg    + . .        a - +3 scale mail of Ziyrahij {rN+ Int+3}
rPois   ∞            J - +1 hat
rElec   .            z - +0 cloak
rCorr   .            S - +0 pair of gloves {infuse}
SInv    .            (boots unavailable)
Will    ++...        (no amulet) Stlth
                     w - +6 ring of dexterity
HPRegen 0.33/turn    A - +5 ring of evasion
MPRegen 0.00/turn

%: no teleportation, infuse magic (-20 HP)
@: mighty, flying, invisible
A: reduced essence, sickness immunity, fire resistance 2, cold vulnerability 1,
float, innate caster, HP casting, extra vitality 1, deterioration 1,
strong-willed 1, screaming 1, subdued magic 2, noise suppression
a: Renounce Religion, Recall Ancestor, Ancestor Identity, Transference


You were in a Gauntlet.
You worshipped Hepliaklqana.
Hepliaklqana was most pleased with you.
You visited 2 branches of the dungeon, and saw 12 of its levels.
You visited 1 bazaar.
You also visited: Gauntlet.

You collected 626 gold pieces.
You spent 327 gold pieces at shops.

Inventory:

Hand Weapons
 K - a +3 long sword (weapon)
Missiles
 m - a throwing net
Armour
 a - the +3 scale mail of Ziyrahij (worn) {rN+ Int+3}
   (You found it on level 8 of the Dungeon)

   Int+3:     It affects your intelligence (+3).
   rN+:       It protects you from negative energy.
 b - a +2 leather armour
 k - a +1 robe of cold resistance
 p - the +1 pair of gloves of Ignis's Regard {rC++ Will-}
   (You found it in a Gauntlet)

   rC++:      It greatly protects you from cold.
   Will-:     It decreases your willpower.
 q - a +2 hat
 z - a +0 cloak (worn)
 J - a +1 hat (worn)
 P - the +3 leather armour of the Cockatrice {Int+2}
   (You bought it in a shop in a bazaar)

   Int+2:     It affects your intelligence (+2).
 Q - the +3 leather armour "Jydducooda" {Str+3 Int+3}
   (You bought it in a shop in a bazaar)

   Str+3:     It affects your strength (+3).
   Int+3:     It affects your intelligence (+3).
 S - a +0 pair of gloves of infusion (worn)
Magical Staves
 T - the staff "Omiukk" {Contam rC+ Dex+3 Conj Ice}
   (You found it in a Gauntlet)

   [staff of conjuration]

   Base accuracy: +5 Base damage: 5 Base attack delay: 1.2 This weapon's minimum
   attack delay (0.6) is reached at skill level 12.
   Dex+3:     It affects your dexterity (+3).
   rC+:       It protects you from cold.
   Contam:    It causes magical contamination when unequipped.
   Conj:      It increases the power of your Conjurations spells.
   Ice:       It increases the power of your Ice spells.
   It falls into the 'Staves' category.
   It is a one-handed weapon.
Jewellery
 d - a +6 ring of strength
 w - a +6 ring of dexterity (left hand)
 A - a +5 ring of evasion (right hand)
 C - a ring of resist corrosion
 D - a +6 ring of strength
 F - a ring of wizardry
Wands
 s - a wand of digging (1)
 y - a wand of paralysis (10)
 B - a wand of polymorph (8)
 N - a wand of iceblast (4)
 O - a wand of flame (6)
Scrolls
 f - 5 scrolls of teleportation
 g - 2 scrolls of revelation
 h - 3 scrolls of immolation
 j - a scroll of summoning {unknown}
 l - 3 scrolls of fog
 t - 2 scrolls of enchant weapon {unknown}
 v - 2 scrolls of amnesia {unknown}
 x - 2 scrolls of vulnerability {unknown}
 I - a scroll of noise {unknown}
 L - a scroll of poison {unknown}
 R - a scroll of blinking {unknown}
Potions
 e - 3 potions of attraction
 n - a potion of brilliance
 o - 4 potions of curing
 r - a potion of heal wounds {unknown}
 u - 4 potions of enlightenment
 E - a potion of degeneration {unknown}
 G - a potion of ambrosia {unknown}
 H - a potion of lignification {unknown}
 M - a potion of might


   Skills:
 + Level 12.6 Fighting
 - Level 2.6 Long Blades
 - Level 1.0 Armour
 - Level 2.1 Dodging
 + Level 9.2 Spellcasting
 + Level 9.2 Conjurations
 + Level 9.2 Hexes
 + Level 9.2 Summonings
 + Level 9.2 Necromancy
 + Level 9.2 Translocations
 + Level 9.2 Transmutations
 + Level 9.2 Fire Magic
 + Level 9.2 Ice Magic
 + Level 9.2 Air Magic
 + Level 9.2 Earth Magic
 + Level 9.2 Poison Magic


You knew the following spells:

 Your Spells              Type           Power      Damage    Failure   Level
a - Magic Dart            Conj           100%       1d8       1%          1
b - Searing Ray           Conj           62%        2d6       1%          2
c - Hailstorm             Conj/Ice       31%        3d8       1%          3
d - Passage of Golubria   Tloc           31%        N/A       7%          4
e - Metabolic Englaciati  Hex/Ice        15%        N/A       21%         5
Your spell library was empty.

Dungeon Overview and Level Annotations

Branches:
Dungeon (11/15)            Temple (1/1) D:5            Lair (0/5) D:11
    Orc (0/2) D:11        Gauntlet (1/1)

Altars:
Ashenzari
Cheibriados
Dithmenos
Elyvilon
Fedhas
Gozag
Hepliaklqana
Makhleb
Nemelex Xobeh
Okawaru
Qazlal
Ru
Trog
Uskayaw
Wu Jian
Xom
Yredelemnul
Zin
The Shining One

Annotations:
D:6 2 transporters Gauntlet 6 transporters, 2 runed translucent doors, exclusion: orange crystal statue


Innate Abilities, Weirdness & Mutations

Your life essence is reduced to manifest your ancestor. (-10% HP)
You are immune to sickness and miasma.
You are immune to poison.
Your flesh is very heat resistant. (rF++)
You are vulnerable to cold. (rC-)
You float through the air rather than walking.
You learn spells naturally, not from books.
Your magical power is your life essence.
You have superior vitality. (+4 MHP)
Your body sometimes deteriorates upon taking damage.
You are strong-willed. (Will+)
You occasionally shout uncontrollably at your foes.
Your spells are easier to cast, but less powerful.
You passively dampen the noise of your surroundings.


Message History

Items here: ( ) /// ?? [[[.
A gate leading back out of this place.
Aiming: Paralyse
Press: ? - help, Shift-Dir - straight line, f - minotaur
Aim: a minotaur, wielding the +1 war axe "Xeurphavu" {venom, rElec Dex+4}, wearing a +0 chain mail and quivering javelins (lightly wounded, unable to see you, slow, chance to affect: 1%)
Okay, then.
Unknown command.
Casting: Metabolic Englaciation (dangerous; 19% risk of failure)
Confirm with . or Enter, or press ? or * to list all spells.
Aiming: Searing Ray (safe; 1% risk of failure)
Press: ? - help, Shift-Dir - straight line The searing ray hits the minotaur!
The minotaur is moderately wounded. (Press . to maintain the ray.)
The minotaur is no longer moving slowly.
The minotaur closely misses you.
The minotaur gores you but does no damage.
The searing ray hits the minotaur but does no damage.
The minotaur is moderately wounded.
The minotaur hits you with the +1 war axe "Xeurphavu" {venom, rElec Dex+4}!!
Your body deteriorates!
You feel weakened. The minotaur barely misses you.
The searing ray hits the minotaur but does no damage.
The minotaur is moderately wounded.
The minotaur hits you with the +1 war axe "Xeurphavu" {venom, rElec Dex+4}!
The minotaur gores you!
* * * LOW HITPOINT WARNING * * *
You feel very mighty all of a sudden. The minotaur closely misses you.
The minotaur gores you but does no damage.
* * * LOW HITPOINT WARNING * * *
You slash the minotaur! You punch the minotaur.
The minotaur is moderately wounded.
Aiming: Polymorph
Press: ? - help, Shift-Dir - straight line The minotaur resists with almost no effort.
You barely miss the minotaur.
The minotaur is moderately wounded.
The minotaur hits you with the +1 war axe "Xeurphavu" {venom, rElec Dex+4}!!
You die...

##≈###≈ #≈≈≈#≈≈
##≈.... ##.###
##≈.#8.
##########.8.#≈≈.#..
#........#...##≈.#[.
...####.#.#.8.###.#©.
####@...#.#...##..#[#
#...H##.#.#.8.#...#[#
#.##.##.#.#...#.∩.#..
# ⌠.⌠#.#.#.©.#...###
#.∩.#.#.....#.8....
#⌠.⌠#.#.#.©.#...###
#####.#.#...#.∩.#..
.###.8.#...#..
#...##..###


You could see a minotaur (unable to see you).

Vanquished Creatures
  Erolcha (D:10)
  4 sixfirhies (Gauntlet)
  2 wyverns (D:8)
  2 wraiths
  A chaos spawn (Gauntlet)
  A golden eye (Gauntlet)
  A neqoxec (Gauntlet)
  3 vampire mosquitoes
  3 water moccasins
  An orc warrior (D:11)
  2 ice beasts
  A black bear (D:8)
  3 centaurs
  3 phantoms
  5 bullfrogs
  4 scorpions
  4 wights
  5 killer bees
  2 howler monkeys
  A jelly (D:5)
  3 hounds
  2 iguanas (D:5)
  2 orc priests
  Ijyb (D:5)
  6 orc wizards
  An adder (D:6)
  A river rat (D:3)
  2 white imps
  An adder zombie (D:3)
  2 worms (D:2)
  A dart slug (D:3)
  28 orcs
  2 bats (D:2)
  5 endoplasms
  3 giant cockroaches
  9 goblins
  9 hobgoblins
  5 jackals
  2 quokkas
  3 ball pythons
  5 frilled lizards
  5 kobolds
  A quokka zombie (D:3)
  6 rats
154 creatures vanquished.

Vanquished Creatures (collateral kills)
  2 hornets
  A shadow (D:11)
  A wraith (D:11)
  Menkaure (D:7)
  A vampire mosquito (D:10)
  A water moccasin (D:5)
  A floating eye (Gauntlet)
  A black bear (D:7)
  A sky beast (D:8)
  An ogre (D:3)
  A wight (D:7)
  A killer bee (D:8)
  A howler monkey (D:10)
  An orc priest (D:9)
  2 orc wizards
  An adder (D:6)
  An orc (D:3)
  A goblin (D:3)
20 creatures vanquished.

Vanquished Creatures (others)
  3 knights
  An ancestor (D:6)
4 creatures vanquished.

Grand Total: 178 creatures vanquished

Notes
Turn   | Place    | Note
-------+----------+-------------------------------------------
     0 | D:1      | cforsyth the Djinni Chaos Knight began the quest for the
                  | Orb.
     0 | D:1      | Reached XP level 1. HP: 20/20 MP: 0/0
    51 | D:1      | XOM: potion effect (haste)
   199 | D:1      | Reached XP level 2. HP: 25/25 MP: 0/0
   327 | D:1      | XOM: divination: detect items
   622 | D:1      | Reached skill level 1 in Spellcasting
   622 | D:1      | Reached skill level 1 in Conjurations
   622 | D:1      | Reached skill level 1 in Hexes
   622 | D:1      | Reached skill level 1 in Summonings
   622 | D:1      | Reached skill level 1 in Necromancy
   622 | D:1      | Reached skill level 1 in Translocations
   622 | D:1      | Reached skill level 1 in Transmutations
   622 | D:1      | Reached skill level 1 in Fire Magic
   622 | D:1      | Reached skill level 1 in Ice Magic
   622 | D:1      | Reached skill level 1 in Air Magic
   622 | D:1      | Reached skill level 1 in Earth Magic
   622 | D:1      | Reached skill level 1 in Poison Magic
   841 | D:2      | Reached XP level 3. HP: 23/30 MP: 0/0
   841 | D:2      | Learned a level 1 spell: Magic Dart
   866 | D:2      | XOM: 1-stop teleportation journey
  1051 | D:2      | XOM: god gift: embroidered robe {god gift}
  1812 | D:2      | Reached XP level 4. HP: 37/37 MP: 0/0
  1977 | D:3      | XOM: god gift: 13 gold pieces
  2053 | D:3      | Noticed an ogre
  2060 | D:3      | XOM: scenery: 1 doors close
  2098 | D:3      | XOM: swap monsters
  2136 | D:3      | XOM: blink monster(s)
  2211 | D:3      | XOM: polymorph bat -> river rat
  2222 | D:3      | Reached skill level 4 in Fighting
  2454 | D:3      | XOM: summons friendly ufetubus
  2461 | D:3      | Killed an ogre
  2462 | D:3      | Reached XP level 5. HP: 42/42 MP: 0/0
  2462 | D:3      | Learned a level 2 spell: Searing Ray
  2606 | D:3      | XOM: 3-stop teleportation journey
  2613 | D:3      | XOM: god gift: staff of fire
  2615 | D:3      | You are sucked into a shaft and drop 2 floors!
  2615 | D:5      | Entered Level 5 of the Dungeon
  2738 | D:4      | XOM: scenery: summon butterflies
  2750 | D:4      | XOM: cleaving
  2764 | D:4      | Found an opulent altar of Gozag.
  2804 | D:4      | XOM: 1-stop teleportation journey
  2887 | D:4      | XOM: cloud trail
  2980 | D:3      | Reached XP level 6. HP: 26/49 MP: 0/0
  2984 | D:3      | XOM: enchant monster (good)
  2990 | D:3      | XOM: scenery: summon butterflies
  3272 | D:3      | Found a basalt altar of Yredelemnul.
  3362 | D:3      | Reached skill level 5 in Fighting
  3637 | D:3      | XOM: divination: detect creatures
  3880 | D:4      | XOM: god gift: orcbow {god gift}
  3887 | D:4      | XOM: summons 3 hostile shadow creatures
  4220 | D:4      | XOM: noise
  4300 | D:5      | XOM: cast spell 'Leda's Liquefaction'
  4478 | D:5      | Noticed a water moccasin
  4482 | D:5      | XOM: summons 3 friendly demons
  4485 | D:5      | Killed a water moccasin
  4486 | D:5      | Reached XP level 7. HP: 48/55 MP: 0/0
  4486 | D:5      | Learned a level 3 spell: Hailstorm
  4554 | D:5      | Found a staircase to the Ecumenical Temple.
  4571 | D:5      | Noticed Ijyb
  4571 | D:5      | Paralysed by Ijyb for 4 turns
  4580 | D:5      | Killed Ijyb
  4589 | Temple   | Entered the Ecumenical Temple
  4597 | Temple   | Fell from the grace of Xom
  4597 | Temple   | Became a worshipper of Hepliaklqana the Forgotten
  4661 | D:5      | XOM: summons 8 hostile demons
  4662 | D:5      | Noticed an orange demon
  4662 | D:5      | Noticed a red devil
  4662 | D:5      | Noticed a hellwing
  4662 | D:5      | Noticed a ynoxinul
  4748 | D:5      | XOM: give mutations
  4748 | D:5      | Gained mutation: Your body sometimes deteriorates upon
                  | taking damage. [Xom's mischief]
  4748 | D:5      | Gained mutation: You occasionally lose the ability to read
                  | scrolls when taking damage. [Xom's mischief]
  4748 | D:5      | Gained mutation: You are somewhat resistant to further
                  | mutation. [Xom's mischief]
  4773 | D:5      | Reached skill level 6 in Fighting
  5013 | D:5      | XOM: summons 9 hostile demons
  5014 | D:5      | Noticed a neqoxec
  5014 | D:5      | Noticed a smoke demon
  5233 | D:5      | XOM: noise
  5352 | D:4      | XOM: draining
  5862 | D:6      | Reached XP level 8. HP: 39/58 MP: 0/0
  5916 | D:6      | XOM: 1-stop teleportation journey
  6037 | D:6      | Found a hide-covered altar of Uskayaw.
  6207 | D:6      | Reached skill level 7 in Fighting
  6566 | D:6      | Reached skill level 5 in Spellcasting
  6566 | D:6      | Reached skill level 5 in Conjurations
  6566 | D:6      | Reached skill level 5 in Hexes
  6566 | D:6      | Reached skill level 5 in Summonings
  6566 | D:6      | Reached skill level 5 in Necromancy
  6566 | D:6      | Reached skill level 5 in Translocations
  6566 | D:6      | Reached skill level 5 in Transmutations
  6566 | D:6      | Reached skill level 5 in Fire Magic
  6566 | D:6      | Reached skill level 5 in Ice Magic
  6566 | D:6      | Reached skill level 5 in Air Magic
  6566 | D:6      | Reached skill level 5 in Earth Magic
  6566 | D:6      | Reached skill level 5 in Poison Magic
  6802 | D:6      | Identified the +3 trident of the Many Places {venom, rElec
                  | rF+ rCorr Dex-2}
  6812 | D:6      | Reached * piety under Hepliaklqana
  6816 | D:6      | Found a transporter.
  6838 | D:6      | Found a transporter.
  6860 | D:6      | Reached skill level 8 in Fighting
  6860 | D:6      | Reached XP level 9. HP: 57/63 MP: 0/0
  6860 | D:6      | Learned a level 4 spell: Passage of Golubria
  7141 | D:6      | Found a sacrificial altar of Ru.
  7227 | D:7      | Noticed Menkaure
  7235 | D:7      | Killed Menkaure
  7645 | D:7      | Noticed a hornet
  7655 | D:7      | Killed a hornet
  7656 | D:7      | Reached skill level 9 in Fighting
  8025 | D:8      | Found a glowing silver altar of Zin.
  8337 | D:8      | Found a shadowy altar of Dithmenos.
  8380 | D:8      | Reached XP level 10. HP: 68/71 MP: 0/0
  8455 | D:8      | Reached ** piety under Hepliaklqana
  8456 | D:8      | Remembered your ancestor Henutmehyt as a knight
  8604 | D:8      | XOM: give mutations
  8604 | D:8      | Gained mutation: Your body often deteriorates upon taking
                  | damage. [Xom's mischief]
  8604 | D:8      | Gained mutation: You passively dampen the noise of your
                  | surroundings. [Xom's mischief]
  8604 | D:8      | Gained mutation: You are clumsy. (Dex -2) [Xom's mischief]
  8604 | D:8      | Lost mutation: Your body often deteriorates upon taking
                  | damage. [Xom's mischief]
  8675 | D:8      | XOM: give mutations
  8675 | D:8      | Gained mutation: Your spells are a little easier to cast,
                  | but a little less powerful. [Xom's mischief]
  8675 | D:8      | Lost mutation: You are somewhat resistant to further
                  | mutation. [Xom's mischief]
  8675 | D:8      | Lost mutation: You occasionally lose the ability to read
                  | scrolls when taking damage. [Xom's mischief]
  8675 | D:8      | Gained mutation: You are strong-willed. (Will+) [Xom's
                  | mischief]
  8746 | D:8      | Reached skill level 10 in Fighting
  8927 | D:8      | Identified the +3 scale mail of Ziyrahij {rN+ Int+3}
  9104 | D:9      | XOM: swap monsters
  9498 | D:9      | XOM: chaos upgrade
  9591 | D:9      | Found an iron altar of Okawaru.
  9839 | D:9      | XOM: scenery: create altars
 10015 | D:10     | Entered Level 10 of the Dungeon
 10472 | D:10     | XOM: summons 9 hostile demons
 11060 | D:10     | Noticed Erolcha
 11071 | D:10     | Killed Erolcha
 11072 | D:10     | Reached skill level 11 in Fighting
 11213 | D:10     | XOM: give mutations
 11213 | D:10     | Lost mutation: You are clumsy. (Dex -2) [Xom's mischief]
 11213 | D:10     | Gained mutation: Your spells are easier to cast, but less
                  | powerful. [Xom's mischief]
 11378 | D:11     | Noticed an elephant
 11378 | D:11     | Found a staircase to the Lair.
 11408 | D:11     | Reached XP level 11. HP: 72/78 MP: 0/0
 11408 | D:11     | Learned a level 5 spell: Metabolic Englaciation
 11472 | D:11     | Found a flickering gateway to a bazaar.
 11478 | Bazaar   | Entered a bazaar
 11587 | Bazaar   | Found Kasifurch's Antique Weapon Emporium.
 11608 | Bazaar   | Found Lussun Wius's Magic Scroll Shoppe.
 11608 | Bazaar   | Found Atzeroff's Antique Armour Emporium.
 11612 | Bazaar   | Bought a faintly glowing leather armour for 147 gold pieces
 11612 | Bazaar   | Identified the +3 leather armour of the Cockatrice {Int+2}
                  | (You bought it in a shop in a bazaar)
 11612 | Bazaar   | Bought a bloodstained leather armour for 147 gold pieces
 11612 | Bazaar   | Identified the +3 leather armour "Jydducooda" {Str+3 Int+3}
                  | (You bought it in a shop in a bazaar)
 11618 | Bazaar   | Bought a scroll of teleportation for 33 gold pieces
 11696 | D:11     | Found a gate leading to a gauntlet.
 11696 | D:11     | Noticed a two-headed ogre
 11701 | Gauntlet | Entered a Gauntlet
 11701 | Gauntlet | Found a transporter.
 11701 | Gauntlet | Found a runed translucent door.
 11701 | Gauntlet | Found a transporter.
 11930 | Gauntlet | Found a transporter.
 11933 | Gauntlet | Reached *** piety under Hepliaklqana
 11934 | Gauntlet | Found a transporter.
 11941 | Gauntlet | Found a runed translucent door.
 11943 | Gauntlet | Found a transporter.
 11947 | Gauntlet | Found a transporter.
 11955 | Gauntlet | Found a transporter.
 11955 | Gauntlet | Noticed an orange crystal statue
 11961 | Gauntlet | XOM: god gift: 11 gold pieces
 11976 | Gauntlet | Found a runed translucent gate.
 11977 | Gauntlet | Found a transporter.
 11977 | Gauntlet | Found a runed translucent gate.
 11978 | Gauntlet | Found a runed translucent gate.
 11979 | Gauntlet | Noticed a sixfirhy
 11979 | Gauntlet | Noticed a sixfirhy
 11980 | Gauntlet | Noticed a sixfirhy
 11981 | Gauntlet | Noticed a sixfirhy
 11994 | Gauntlet | Found a transporter.
 11998 | Gauntlet | Found a transporter.
 12010 | Gauntlet | Found a transporter.
 12011 | Gauntlet | Found a transporter.
 12015 | Gauntlet | Found a runed translucent door.
 12221 | Gauntlet | Gained mutation: You occasionally shout uncontrollably at
                  | your foes. [a neqoxec]
 12585 | Gauntlet | Identified the +1 pair of gloves of Ignis's Regard {rC++
                  | Will-}
 12587 | Gauntlet | Identified the staff "Omiukk" {Contam rC+ Dex+3 Conj Ice}
 12598 | Gauntlet | Killed a sixfirhy
 12598 | Gauntlet | Killed a sixfirhy
 12598 | Gauntlet | Killed a sixfirhy
 12599 | Gauntlet | Reached skill level 12 in Fighting
 12604 | Gauntlet | Killed a sixfirhy
 12767 | Gauntlet | Identified the +1 war axe "Xeurphavu" {venom, rElec Dex+4}
 12767 | Gauntlet | Noticed a minotaur
 12779 | Gauntlet | Demolished by a minotaur

Illustrated notes

Levels and vault maps discovered:
D:1:      tarquinn_simple_flora_water_a, layout_basic,
          chequers_serial_rivers_small_a
D:2:      layout_basic, minmay_pentomino_s4
D:3:      layout_basic, lemuel_zombie_altar_yredelemnul
D:4:      cheibrodos_old_hovel, layout_basic, nicolae_overflow_hidden_temple,
          minmay_misc_feat_columns
D:5:      layout_loops_ring, minmay_temple_entry_tees, uniq_ijyb
D:6:      layout_loops_ring, lemuel_round_altar, kennysheep_little_box,
          gammafunk_ghost_gnarly_gnolls, minmay_pentangle
D:7:      layout_cave_pools, uniq_menkaure
D:8:      layout_cave_pods, kennysheep_mini_moat, mainiacjoe_overflow_catwalk,
          kennysheep_generic_room_7
D:9:      layout_rooms, kiku_gazebo_garden_becter, okawaru_trees_1
D:10:     layout_long_grid, kennysheep_generic_room_4, uniq_erolcha
D:11:     layout_basic, david_lair_generic, minmay_orc_entry_guard_dogs,
          gauntlet_entry_generic, serial_shops, bzr_entry_islet, st_stairs_8
Temple:   nicolae_temple_bog_church
Gauntlet: minmay_gauntlet_77_indecision
          [minmay_gauntlet_arena_77_radiant_squares,
          minmay_gauntlet_arena_77_cramped, minmay_gauntlet_arena_77_path,
          minmay_gauntlet_arena_77_squiggly,
          minmay_gauntlet_arena_77_hold_the_fort,
          minmay_gauntlet_arena_77_run_for_it,
          dreamdust_gauntlet_exit_labyrinth]

Skill      XL: |  1  2  3  4  5  6  7  8  9 10 11 |
---------------+----------------------------------+-----
Spellcasting   | 1 2 3 4 5 6 8 9 |  9.2
Conjurations   | 1 2 3 4 5 6 8 9 |  9.2
Hexes          | 1 2 3 4 5 6 8 9 |  9.2
Summonings     | 1 2 3 4 5 6 8 9 |  9.2
Necromancy     | 1 2 3 4 5 6 8 9 |  9.2
Translocations | 1 2 3 4 5 6 8 9 |  9.2
Transmutations | 1 2 3 4 5 6 8 9 |  9.2
Fire Magic     | 1 2 3 4 5 6 8 9 |  9.2
Ice Magic      | 1 2 3 4 5 6 8 9 |  9.2
Air Magic      | 1 2 3 4 5 6 8 9 |  9.2
Earth Magic    | 1 2 3 4 5 6 8 9 |  9.2
Poison Magic   | 1 2 3 4 5 6 8 9 |  9.2
Fighting       | 4 5 6 8 9 11 12 | 12.6
Long Blades    | |  2.6
Armour         | |  1.0
Dodging        | |  2.1

Action                     |  1- 3 |  4- 6 |  7- 9 | 10-12 || total
---------------------------+-------+-------+-------+-------++-------
  Melee: Falchion          |    82 |    88 |    29 |     2 ||   201
         Long sword        |       |       |       |    25 ||    25
         Punch             |       |       |       |     1 ||     1
   Cast: Magic Dart        |    27 |    82 |    83 |    59 ||   251
         Searing Ray       |       |     2 |    37 |    18 ||    57
         Hailstorm         |       |       |    29 |    32 ||    61
         Passage of Golubr |       |       |     2 |       ||     2
         Metabolic Englaci |       |       |       |     1 ||     1
 Invoke: Recall Ancestor   |       |       |       |     4 ||     4
         Ancestor Life: Kn |       |       |       |     1 ||     1
  Evoke: Wand              |       |       |       |     8 ||     8
    Use: Scroll            |       |     1 |     2 |     9 ||    12
         Potion            |       |       |       |     6 ||     6
   Stab: Sleeping          |     1 |     2 |       |       ||     3
         Paralysed         |       |     1 |       |       ||     1
         Invisible         |       |       |       |     1 ||     1
 Armour: Leather armour    |    39 |       |       |       ||    39
         Robe              |     7 |    67 |    56 |     8 ||   138
         Scale mail        |       |       |       |    81 ||    81
  Dodge: Dodged            |    49 |    81 |    97 |    92 ||   319

Table legend: (Time is in decaauts)
 A = Elapsed time spent in this place.
 B = Non-inter-level travel time spent in this place.
 C = Inter-level travel time spent in this place.
 D = Time resting spent in this place.
 E = Time spent auto-exploring this place.
 F = Levels seen in this place.
 G = Mean time per level.
                   A        B        C        D        E       F      G
               +--------+--------+--------+--------+--------+-----+--------+
         Total |  12814 |  12211 |    603 |   2021 |   8082 |  14 |  915.3 |
       Dungeon |  11546 |  10943 |    603 |   1351 |   7865 |  11 | 1049.6 |
        Temple |     16 |     16 |      0 |      0 |      0 |   1 |   16.0 |
        Bazaar |    170 |    170 |      0 |      0 |    108 |   1 |  170.0 |
      Gauntlet |   1079 |   1079 |      0 |    670 |    109 |   1 | 1079.0 |
               +--------+--------+--------+--------+--------+-----+--------+

Top non-repeatable levels by time:
     D:6: 1467 daAuts
     D:3: 1465 daAuts
     D:8: 1323 daAuts
     D:5: 1296 daAuts
     D:9: 1194 daAuts
     D:2: 1126 daAuts
Gauntlet: 1079 daAuts
     D:4: 1043 daAuts
     D:7: 865 daAuts
     D:1: 816 daAuts
    D:10: 780 daAuts
  Bazaar: 170 daAuts
    D:11: 166 daAuts
  Temple: 16 daAuts
